 Dungeon Crawl Stone Soup version 0.28.0-45-g0d030f2227 (webtiles) character file.

Game seed: 18052726758464083702

80 psko the Conjurer (level 4, -6/21 HPs)
             Began as a Spriggan Conjurer on Apr 10, 2022.
             Killed from afar by Natasha (9 damage)
             ... with a magic dart
             ... on level 2 of the Dungeon.
             The game lasted 00:12:53 (1806 turns).

psko the Conjurer (Spriggan Conjurer)               Turns: 1806, Time: 00:12:54

Health: -6/21      AC:  2    Str:  5    XL:     4   Next: 18%
Magic:  2/10       EV: 17    Int: 19    God:
Gold:   53         SH:  0    Dex: 13    Spells: 9/10 levels left

rFire   . . .      SeeInvis +   d - staff of air
rCold   . . .      Faith    .   (shield currently unavailable)
rNeg    . . .      Spirit   .   a - +0 robe
rPois   .          Reflect  .   (helmet restricted)
rElec   +          Harm     .   (no cloak)
rCorr   .          Rampage  .   (gloves unavailable)
Will    .....                   (boots unavailable)
Stlth   ++........              (no amulet)
HPRegen 0.07/turn               (no ring)
MPRegen 0.12/turn               (no ring)

@: very quick
A: very small, no large weapons, unfitting armour, see invisible, speed 3
a: no special abilities


You were on level 2 of the Dungeon.
You visited 1 branch of the dungeon, and saw 2 of its levels.

You collected 53 gold pieces.

Inventory:

Hand Weapons
 h - a +2 dagger of venom
Missiles
 e - 2 poisoned darts
Armour
 a - a +0 robe (worn)
Magical Staves
 d - a staff of air (weapon)
 f - a staff of cold
Scrolls
 b - 2 scrolls of immolation
 c - a scroll of identify {unknown}
 g - a scroll of blinking {unknown}


   Skills:
 + Level 3.0 Dodging
 + Level 3.2 Stealth
 + Level 3.7 Spellcasting
 + Level 3.8 Conjurations


You had 9 spell levels left.
You knew the following spells:

 Your Spells              Type           Power      Damage    Failure   Level
a - Magic Dart            Conj           72%        1d6       3%          1

Your spell library contained the following spells:

 Spells                   Type           Power      Damage    Failure   Level
 Searing Ray              Conj           36%        2d5       4%          2
 Dazzling Flash           Conj/Hex       20%        N/A       19%         3
 Blink                    Tloc           6%         N/A       22%         2
 Lesser Beckoning         Tloc           3%         N/A       38%         3
 Fulminant Prism          Conj/Hex       5%         3d7       54%         4
 Iskenderun's Mystic Bla  Conj/Tloc      10%        2d4       54%         4
 Manifold Assault         Tloc           3%         N/A       98%         5


Dungeon Overview and Level Annotations

Branches:
Dungeon (2/15)

Altars:

Shops:
D:1 (

Annotations:
D:2 Natasha


Innate Abilities, Weirdness & Mutations

You are very small and have problems with some larger weapons.
You are too small for most types of armour.
You have supernaturally acute eyesight. (SInv)
You cover ground extremely quickly. (Speed+++)


Message History

Natasha is lightly wounded.
Natasha claws you. Natasha barely misses you.
You barely miss Natasha. The giant cockroach bites you.
Natasha stares at you and mumbles some strange words.
You easily resist.
You hit Natasha but do no damage. The giant cockroach closely misses you.
Natasha completely misses you. The giant cockroach barely misses you.
You hit Natasha.
Natasha is moderately wounded.
Natasha completely misses you. The giant cockroach misses you.
You closely miss Natasha.
Natasha is moderately wounded.
The giant cockroach bites you. Natasha barely misses you.
The giant cockroach barely misses you.
You closely miss Natasha.
Natasha is moderately wounded.
Natasha closely misses you. The giant cockroach closely misses you.
Natasha casts a spell.
You hit Natasha but do no damage.
Natasha is moderately wounded.
The giant cockroach misses you. Natasha closely misses you.
You hit Natasha but do no damage.
Natasha is moderately wounded.
The giant cockroach misses you. Natasha claws you.
The giant cockroach bites you but does no damage.
You hit Natasha but do no damage.
Natasha is moderately wounded.
The giant cockroach barely misses you. Natasha claws you.
* * * LOW HITPOINT WARNING * * *
You hit Natasha.
Natasha is moderately wounded.
The giant cockroach bites you.
* * * LOW HITPOINT WARNING * * *
Natasha claws you.
* * * LOW HITPOINT WARNING * * *
The giant cockroach closely misses you.
The giant cockroach waves its antennae.
Natasha casts a spell at you. The magic dart hits you!
You die...

#.......(# .#
..^..###.. #.#
......##.# ..
..)...##.# .#
......##.# ##.#
....†....## #..#
#B..###...####.#
##...........B.######
..#####.##.5.h..@...#
..#####.###########...#
........## ##
..####...##
######.#.....
####.......####
.....#.#####..# #.#
#..#...###....# #..#
##...<.....#..# #..#


You could see Natasha, a crimson imp (summoned) and a giant cockroach.

Vanquished Creatures
  Natasha (D:2)
  2 adders (D:2)
  A dart slug (D:1)
  2 bats (D:1)
  2 endoplasms
  8 giant cockroaches
  5 goblins
  A hobgoblin (D:1)
  5 quokkas
  2 ball pythons
  A frilled lizard (D:2)
  3 kobolds
33 creatures vanquished.

Notes
Turn   | Place    | Note
-------+----------+-------------------------------------------
     0 | D:1      | psko the Spriggan Conjurer began the quest for the Orb.
     0 | D:1      | Reached XP level 1. HP: 9/9 MP: 5/5
   322 | D:1      | Reached XP level 2. HP: 13/13 MP: 1/6
   490 | D:1      | Found Xuggevih's Weapon Shop.
  1514 | D:2      | Reached XP level 3. HP: 6/16 MP: 3/8
  1752 | D:2      | Noticed Natasha
  1756 | D:2      | Killed Natasha
  1757 | D:2      | Reached XP level 4. HP: 17/21 MP: 1/10
  1769 | D:2      | Noticed Natasha
  1806 | D:2      | Killed from afar by Natasha

Illustrated notes

Levels and vault maps discovered:
D:1:      amcnicky_arrival_flooded_fountain, layout_basic, serial_shops,
          nicolae_shop_bloodbath_and_beyond, minmay_fountain_box, minmay_3d_cube
D:2:      minmay_roachtagon, layout_rooms, uniq_natasha, uniq_jessica

Skill      XL: |  1  2  3  4 |
---------------+-------------+-----
Conjurations   | 3 |  3.8
Spellcasting   | 3 |  3.7
Dodging        | 3 |  3.0
Stealth        | |  3.2

Action                   |  1- 3 |  4- 6 || total
-------------------------+-------+-------++-------
Melee: Staff             |    25 |    12 ||    37
 Cast: Magic Dart        |    72 |     4 ||    76
  Use: Scroll            |     1 |       ||     1
Armor: Robe              |     2 |     1 ||     3
Dodge: Dodged            |    31 |    17 ||    48
